 Dungeon Crawl Stone Soup version 0.24.0-13-gcf9b319 (webtiles) character file.

Game seed: 8231475539394368797, levelgen mode: deterministic

336 sinsavior the Cudgeler (level 6, -2/48 HPs)
             Began as a Formicid Fighter on Jan 1, 2020.
             Killed by nerve-wracking pain
             ... invoked by Grinder
              (4 damage)
             ... on level 3 of the Dungeon.
             The game lasted 00:14:24 (3778 turns).

sinsavior the Cudgeler (Formicid Fighter)           Turns: 3778, Time: 00:14:24

Health: -2/48      AC:  6    Str: 21    XL:     6   Next: 84%
Magic:  6/6        EV:  8    Int:  9    God:
Gold:   156        SH:  9    Dex: 12    Spells: 5/5 levels left

rFire    . . .     SeeInvis +   a - +0 flail
rCold    . . .     Gourm    .   c - +0 shield
rNeg     . . .     Faith    .   b - +0 scale mail
rPois    .         Spirit   .   (helmet unavailable)
rElec    .         Reflect  .   (no cloak)
rCorr    .         Harm     .   (no gloves)
MR       .....                  (no boots)
Stlth    ..........             (no amulet)
HPRegen  0.16/turn              e - +2 ring of intelligence
MPRegen  0.10/turn              p - ring of attention (curse)

@: no status effects
A: permanent stasis, dig shafts and tunnels, four strong arms, antennae 3
a: Dig, Shaft Self


You were on level 3 of the Dungeon.
You were not hungry.

You visited 1 branch of the dungeon, and saw 4 of its levels.

You collected 156 gold pieces.

Inventory:

Hand Weapons
 a - a +0 flail (weapon)
Armour
 b - a +0 scale mail (worn)
 c - a +0 shield (worn)
Jewellery
 e - a +2 ring of intelligence (left hand)
 p - a cursed ring of attention (right hand)
Scrolls
 g - a scroll of amnesia {unknown}
 j - a scroll of magic mapping {unknown}
 l - a scroll of teleportation {unknown}
 q - a scroll of remove curse {unknown}
 r - a scroll of noise {unknown}
 u - a scroll of enchant armour {unknown}
 y - a scroll of immolation {unknown}
Potions
 d - a potion of might
 i - a potion of invisibility
 n - 2 potions of curing
 o - a potion of lignification
 t - a potion of agility {unknown}
 v - 2 potions of cancellation
 w - a potion of brilliance {unknown}
 x - a potion of magic {unknown}
 z - a potion of ambrosia {unknown}
Comestibles
 f - 8 rations
 h - 4 chunks of flesh


   Skills:
 + Level 4.1 Fighting
 * Level 6.0 Maces & Flails
 - Level 3.2 Armour
 + Level 1.5 Dodging
 + Level 0.2 Stealth
 - Level 3.6 Shields


You had 5 spell levels left.
You didn't know any spells.
Your spell library was empty.

Dungeon Overview and Level Annotations

Branches:
Dungeon (4/15)
 Temple: D:4-7

Altars:
Gozag

Annotations:
D:3 Grinder


Innate Abilities, Weirdness & Mutations

You cannot be hasted, slowed, berserked, paralysed or teleported.
You can dig through walls and to a lower floor.
Your four strong arms can wield two-handed weapons with a shield.
You have a pair of large antennae on your head. (SInv)


Message History

You barely miss Grinder.
Grinder is moderately wounded.
Grinder hits you.
You writhe in agony.
You hit Grinder but do no damage.
Grinder is moderately wounded.
Grinder gestures at you. Pain shoots through your body! Grinder hits you.
You writhe in agony.
* * * LOW HITPOINT WARNING * * *
Grinder gestures at you.
You struggle to resist.
Some of the chunks of flesh in your inventory have rotted away.
Grinder gestures at you. You resist with some effort.
There is an escape hatch in the floor here.
You can't go up here!
Really go through this one-way escape hatch?
Grinder gestures at you. Pain shoots through your body!
You die...

..# #............# #.#
#.#
..####............#
#.# #.#
#.................#
#.###.#
#.#####...........#
#.....#
#.#...'...........#
#######
..#.###..(.[......#
###.###...........#
#.#.'...........#
#.#.#.......5.@.####
###.#................#
....##############.#.#
##### #.# # #.# ...
#.# ..# ###


You could see Grinder.

Vanquished Creatures
  Sigmund (D:4)
  A centaur skeleton (D:4)
  Robin (D:3)
  2 adders (D:3)
  A gnoll (D:2)
  2 oozes
  An adder skeleton (D:4)
  3 worms
  A dart slug (D:2)
  3 leopard geckos
  4 orcs (D:3)
  2 ball pythons
  3 giant cockroaches
  16 goblins
  8 hobgoblins
  A quokka (D:2)
  13 bats
  7 frilled lizards
  5 kobolds
  7 rats
82 creatures vanquished.

Notes
Turn   | Place    | Note
-------+----------+-------------------------------------------
     0 | D:1      | sinsavior the Formicid Fighter began the quest for the Orb.
     0 | D:1      | Reached XP level 1. HP: 18/18 MP: 1/1
   150 | D:1      | Reached XP level 2. HP: 16/24 MP: 2/2
   462 | D:1      | Reached XP level 3. HP: 25/29 MP: 3/3
   573 | D:1      | Reached skill level 3 in Maces & Flails
   936 | D:2      | Found an opulent altar of Gozag.
  1069 | D:2      | Reached XP level 4. HP: 33/36 MP: 4/4
  2047 | D:3      | Reached skill level 4 in Maces & Flails
  2292 | D:3      | Reached skill level 1 in Dodging
  2408 | D:3      | Reached XP level 5. HP: 18/42 MP: 5/5
  2773 | D:3      | Noticed Grinder
  3102 | D:4      | Noticed Sigmund
  3126 | D:4      | Killed Sigmund
  3126 | D:4      | Reached skill level 5 in Maces & Flails
  3126 | D:4      | Reached XP level 6. HP: 12/48 MP: 6/6
  3322 | D:4      | Noticed an ogre
  3626 | D:3      | Noticed Robin
  3659 | D:3      | Killed Robin
  3659 | D:3      | Reached skill level 6 in Maces & Flails
  3772 | D:3      | HP: 1/48 [Grinder (5)]
  3778 | D:3      | Killed from afar by Grinder

Levels and vault maps discovered:
D:1:      erik_arrival_triangle_medium, layout_basic
D:2:      minmay_inner_zag, layout_basic, nicolae_gozag_seed_capital
D:3:      layout_basic, uniq_grinder, uniq_robin
D:4:      layout_gridville, gammafunk_temple_overflow_wave, first_ration,
          uniq_ijyb, uniq_sigmund

Skill      XL: |  1  2  3  4  5  6 |
---------------+-------------------+-----
Maces & Flails | 3 4 5 6 |  6.0
Dodging        | 1 |  1.5
Fighting       | 4 |  4.1
Armour         | |  3.2
Stealth        | |  0.2
Shields        | |  3.6

Action                   |  1- 3 |  4- 6 || total
-------------------------+-------+-------++-------
Melee: Flail             |   118 |   216 ||   334
  Use: Scroll            |       |     6 ||     6
  Eat: Chunk             |     1 |     9 ||    10
Armor: Scale mail        |    66 |    71 ||   137
Dodge: Dodged            |    47 |    66 ||   113
Block: Shield            |    80 |   108 ||   188
